 Dungeon Crawl Stone Soup version 0.19-a0-1341-g3513869 (webtiles) character file.

45063 st0uf the Thaumaturge (level 14, -4/84 HPs)
             Began as a Gargoyle Earth Elementalist on Sept 1, 2016.
             Was a High Priest of Vehumet.
             Slain by a dire elephant (28 damage)
             ... on level 6 of the Lair of Beasts.
             The game lasted 02:18:55 (21067 turns).

st0uf the Thaumaturge (GrEE)                       Turns: 21067, Time: 02:18:56

Health: -4/84      AC: 24    Str: 12    XL:     14   Next: 31%
Magic:  29/29      EV: 15    Int: 21    God:    Vehumet [*****.]
Gold:   1390       SH: 10    Dex: 13    Spells: 5 memorised, 20 levels left

rFire  + . .     SeeInvis .     X - +7 morningstar (crush)
rCold  + + +     Gourm    .     c - +4 robe of Fuohuu {rC++}
rNeg   + . .     Faith    .     p - +0 buckler
rPois  ∞         Spirit   .     H - +1 helmet
rElec  +         Dismiss  .     J - +0 cloak
rCorr  .         Reflect  +     V - +2 pair of gloves
MR     ++...     Harm     .     u - +0 pair of boots
Stlth  ++........               L - +4 amulet of reflection
                                E - ring "Nuyv" {rF+ MR+ Dex+3}
                                Q - ring of protection from cold

@: flying
A: big wings, negative energy resistance 1, electricity resistance, unbreathing,
petrification resistance, rot immunity, AC +9
a: Stop Flying, Renounce Religion


You were on level 6 of the Lair of Beasts.
You worshipped Vehumet.
Vehumet was extremely pleased with you.
You were not hungry.

You visited 3 branches of the dungeon, and saw 17 of its levels.
You also visited: Sewer, Bailey and Ice Cave.

You collected 1390 gold pieces.

Inventory:

Hand Weapons
 X - a +7 morningstar of crushing (weapon)
 Z - the +6 flail "Lozed" {pain, rPois rC- rN+}
   (You found it on level 9 of the Dungeon)

   In the hands of one skilled in necromantic magic, it inflicts extra damage on
   living creatures.
   It makes you vulnerable to cold.
   It protects you from poison.
   It protects you from negative energy.
Missiles
 b - 380 stones (quivered)
Armour
 c - the +4 robe of Fuohuu (worn) {rC++}
   (You found it on level 2 of the Lair of Beasts)

   It greatly protects you from cold.
 p - a +0 buckler (worn)
 u - a +0 pair of boots (worn)
 H - a +1 helmet (worn)
 J - a +0 cloak (worn)
 V - a +2 pair of gloves (worn)
Magical Staves
 m - an uncursed staff of death
Jewellery
 x - an uncursed ring of wizardry
 B - an uncursed ring of ice
 E - the ring "Nuyv" (right hand) {rF+ MR+ Dex+3}
   (You found it in an ice cave)

   [ring of protection from magic]

   It affects your dexterity (+3).
   It protects you from fire.
   It affects your resistance to hostile enchantments.
 L - a +4 amulet of reflection (around neck)
 M - an uncursed ring of protection from fire
 N - a +3 ring of intelligence
 Q - a ring of protection from cold (left hand)
 Y - an uncursed ring of magical power
Wands
 k - a wand of iceblast (4/15)
 n - a wand of flame (21/48)
 o - a wand of teleportation (7/9)
 w - a wand of disintegration (13/24)
 R - a wand of confusion (12/48)
 U - a wand of confusion (29/48)
Scrolls
 h - 10 scrolls of remove curse
 j - 2 scrolls of recharging
 q - 2 scrolls of magic mapping
 r - a scroll of immolation {unknown}
 s - 2 scrolls of enchant weapon
 y - 3 scrolls of amnesia
 C - a scroll of fear
 D - 2 scrolls of teleportation
 O - a scroll of identify
 P - a scroll of vulnerability {unknown}
Potions
 f - 2 potions of berserk rage
 g - 11 potions of curing
 l - 7 potions of brilliance
 t - 5 potions of haste
 v - 6 potions of magic
 z - a potion of agility
 A - 2 potions of heal wounds
 F - 2 potions of flight
 G - a potion of invisibility
 I - 5 potions of might
 K - 3 potions of beneficial mutation
 T - 3 potions of cancellation {unknown}
Books
 e - a book of Geomancy

   Spells                             Type                      Level
   a - Sandblast                      Earth                        1
   b - Passwall                       Transmutation/Earth          2
   c - Stone Arrow                    Conjuration/Earth            3
   d - Petrify                        Transmutation/Earth          4
   e - Lee's Rapid Deconstruction     Earth                        5
Miscellaneous
 a - a sack of spiders
 W - a fan of gales
Comestibles
 d - 10 bread rations


   Skills:
 + Level 8.1 Fighting
 + Level 6.8 Maces & Flails
 + Level 7.9 Armour
 + Level 6.6 Dodging
 - Level 2.1 Stealth
 + Level 8.0 Shields
 * Level 11.2 Spellcasting
 + Level 9.1 Conjurations
 - Level 0.7 Transmutations
 + Level 11.0 Earth Magic
 + Level 6.9 Evocations


You had 20 spell levels left.
You knew the following spells:

 Your Spells              Type           Power        Failure   Level  Hunger
a - Sandblast             Erth           ######       1%          1    None
b - Stone Arrow           Conj/Erth      ######       1%          3    None
c - Lee's Rapid Deconstr  Erth           ######....   1%          5    ####...
d - Mephitic Cloud        Conj/Pois/Air  ###.....     1%          3    None
e - Ignite Poison         Fire/Tmut/Pois ##......     4%          3    None


Dungeon Overview and Level Annotations

Branches:
Dungeon (10/15)            Temple (1/1) D:6            Lair (6/6) D:9
  Swamp (0/4) Lair:3       Spider (0/4) Lair:2        Slime (0/5) Lair:5
    Orc (0/2) D:9

Altars:
Ashenzari
Cheibriados
Dithmenos
Elyvilon
Fedhas
Gozag
Hepliaklqana
Kikubaaqudgha
Makhleb
Nemelex Xobeh
Okawaru
Qazlal
Ru
Sif Muna
Trog
Uskayaw
Vehumet
Xom
Yredelemnul
Zin
The Shining One
Beogh
Jiyva

Shops:
D:10 =


Innate Abilities, Weirdness & Mutations

You are resistant to torment.
Your stone body is resilient. (AC +9)
You are immune to poison.
Your large and strong wings let you fly indefinitely.
You resist negative energy. (rN+)
You are resistant to electric shocks. (rElec)
You can survive without breathing.
You are immune to petrification.
You are immune to rotting.


Message History

The dire elephant tramples you!!
You are shoved backwards!
You see here a robe.
The dire elephant tramples you!
You are shoved backwards!
Evoke which item? (* to show all) (? for menu, Esc to quit)
Zapping:
o - a wand of teleportation {recharged} (will waste charges)
Press: ? - help, Shift-Dir - straight line, f/p - dire elephant
Aim: a dire elephant (chance to defeat MR: 10%)
The dire elephant resists with almost no effort.
Evoking this partially-identified wand wasted a few charges.
Your skill with magical items lets you calculate the power of this device...
This wand has 7 charges left.
The dire elephant tramples you!!
* * * LOW HITPOINT WARNING * * *
You are shoved backwards!
You feel much better. The dire elephant closely misses you.
You block the dire elephant's attack. The dire elephant misses you.
The dire elephant trunk-slaps you but does no damage.
There is a stone staircase leading up here.
The dire elephant tramples you!!
You die...

##.#.#P.................## #...).
.#.#.....................# ##....
≈#.#....................## #....
##.#.....................# #...P
#..#..#..................####...#
#.##......................##....#
..#♣.#...................#.#[....
###...P...................#......
##.............Y@................
##...............[...............
#♣...............................
♣......#...##...#.P##.#..#....#.
#♣...####################.######
###...## ### .[#♣...## ..#♣..P.#
..##..P.#


You could see a dire elephant.

Vanquished Creatures
  Gastronok (Lair:1)
  A frost giant (IceCv)
  3 dire elephants
  4 hydras
  An ice dragon (Lair:6)
  An anaconda (Lair:6)
  A death yak (IceCv)
  A hill giant (D:9)
  A wolf spider (Lair:2)
  9 elephants
  A manticore (D:9)
  A cyclops (D:9)
  An ice statue (IceCv)
  2 black mambas
  9 spiny frogs
  3 rime drakes
  7 komodo dragons
  A troll (D:9)
  21 polar bears
  A jumping spider (Lair:2)
  2 two-headed ogres (D:9)
  14 blink frogs
  The ghost of Borgoz the Sneak, an amateur HEAs (D:4)
  A boulder beetle (Lair:5)
  A slime creature (Lair:5)
  A redback (Lair:2)
  22 yaks
  A wyvern (D:9)
  A vampire (D:10)
  2 basilisks (Lair:4)
  4 hippogriffs
  A vampire mosquito (D:9)
  19 water moccasins
  5 orc warriors
  12 porcupines
  A sky beast (D:9)
  An ice beast (D:9)
  3 phantoms
  2 ogres
  6 centaurs
  17 wolves
  13 crocodiles
  A big kobold (D:9)
  12 giant frogs
  A wyvern skeleton (D:9)
  3 scorpions (D:8)
  2 water moccasin skeletons
  13 wights
  7 howler monkeys
  2 electric eels (Lair:1)
  2 centaur zombies
  13 crimson imps
  6 hounds
  A quasit (D:8)
  A centaur skeleton (D:9)
  7 orc priests
  12 jellies
  9 orc wizards
  7 iguanas
  7 worker ants
  A hound zombie (D:8)
  A hound skeleton (D:5)
  2 worker ant zombies
  16 gnolls
  A howler monkey skeleton (D:5)
  8 adders
  37 river rats
  2 shadow imps
  3 white imps (Lair:6)
  20 oozes
  3 adder skeletons
  8 worms
  A dart slug (D:1)
  6 giant geckos
  50 orcs
  11 bats
  10 giant cockroaches
  17 hobgoblins
  11 jackals
  4 quokkas
  3 ball pythons (Sewer)
  A giant cockroach zombie (D:5)
  A giant gecko skeleton (D:6)
  7 giant newts
  8 goblins
  A jackal skeleton (D:6)
  24 kobolds
  8 rats
  7 fungi
  2 plants (Lair:6)
580 creatures vanquished.

Vanquished Creatures (others)
  A polar bear (IceCv)
  A wolf (IceCv)
  A river rat (Lair:6)
  A hobgoblin (Bailey)
  A kobold (Bailey)
  12 fungi
  A plant (Lair:2)
18 creatures vanquished.

Grand Total: 598 creatures vanquished

Notes
Turn   | Place    | Note
-------+----------+-------------------------------------------
     0 | D:1      | st0uf the Gargoyle Earth Elementalist began the quest for the Orb.
     0 | D:1      | Reached XP level 1. HP: 10/10 MP: 3/3
   465 | D:1      | Reached XP level 2. HP: 10/15 MP: 0/5
  1015 | D:1      | You fall through a shaft!
  1067 | D:1      | Reached XP level 3. HP: 19/19 MP: 1/6
  1502 | D:2      | Found an opulent altar of Gozag.
  2330 | D:3      | Reached XP level 4. HP: 20/24 MP: 5/8
  2341 | D:3      | Learned a level 3 spell: Stone Arrow
  2719 | D:3      | Reached skill level 5 in Earth Magic
  2746 | D:3      | Reached XP level 5. HP: 24/28 MP: 0/10
  3159 | D:4      | Found a glowing drain.
  3163 | Sewer    | Entered a sewer
  3173 | Sewer    | Reached skill level 1 in Conjurations
  4059 | D:4      | Reached XP level 6. HP: 25/32 MP: 3/12
  4313 | D:4      | Noticed a phantom
  4322 | D:4      | Killed a phantom
  4539 | D:4      | Reached skill level 5 in Spellcasting
  4539 | D:4      | Reached XP level 7. HP: 36/36 MP: 4/14
  4699 | D:4      | Noticed Borgoz's ghost (amateur HEAs)
  4734 | D:4      | Killed Borgoz's ghost
  4859 | D:5      | Entered Level 5 of the Dungeon
  5235 | D:5      | Reached XP level 8. HP: 41/41 MP: 9/17
  5418 | D:5      | Reached skill level 1 in Shields
  5584 | D:5      | Reached skill level 1 in Fighting
  5879 | D:6      | Reached skill level 1 in Maces & Flails
  6120 | D:6      | Reached skill level 1 in Armour
  6120 | D:6      | Reached skill level 1 in Evocations
  6621 | D:6      | Found a staircase to the Ecumenical Temple.
  6636 | Temple   | Entered the Ecumenical Temple
  6670 | Temple   | Became a worshipper of Vehumet
  6837 | D:7      | Found a flagged portal.
  6839 | D:7      | Reached XP level 9. HP: 48/48 MP: 13/18
  6921 | Bailey   | Entered a bailey
  7013 | Bailey   | Learned a level 5 spell: Lee's Rapid Deconstruction
  7124 | Bailey   | Reached * piety under Vehumet
  7124 | Bailey   | Offered knowledge of Freeze by Vehumet.
  7895 | D:7      | Offered knowledge of Flame Tongue by Vehumet.
  7957 | D:7      | Reached ** piety under Vehumet
  8805 | D:8      | Reached skill level 5 in Conjurations
  8994 | D:8      | Reached XP level 10. HP: 56/56 MP: 16/21
  9147 | D:8      | Offered knowledge of Searing Ray by Vehumet.
  9421 | D:9      | Noticed a manticore
  9643 | D:9      | Noticed a cyclops
  9643 | D:9      | Noticed a hill giant
  9660 | D:9      | Killed a hill giant
  9660 | D:9      | Reached *** piety under Vehumet
  9773 | D:9      | Killed a cyclops
  9788 | D:9      | Killed a manticore
  9860 | D:9      | Got an encrusted flail
  9861 | D:9      | Identified the +6 flail "Lozed" {pain, rPois rC- rN+} (You found it on level 9 of the Dungeon)
  9923 | D:9      | Found a roughly hewn altar of Beogh.
  9967 | D:9      | Offered knowledge of Mephitic Cloud by Vehumet.
  9974 | D:9      | Learned a level 3 spell: Mephitic Cloud
  9978 | D:9      | Learned a level 3 spell: Ignite Poison
 10183 | D:9      | Reached **** piety under Vehumet
 10195 | D:9      | Reached XP level 11. HP: 58/61 MP: 23/23
 10317 | D:9      | Found a staircase to the Lair.
 10359 | D:9      | Offered knowledge of Airstrike by Vehumet.
 10527 | D:9      | Found a viscous altar of Jiyva.
 10590 | D:9      | Found a staircase to the Orcish Mines.
 10745 | D:10     | Entered Level 10 of the Dungeon
 10763 | D:10     | Reached skill level 5 in Shields
 10884 | D:10     | Found Huqecahu's Jewellery Shop.
 11130 | Lair:1   | Entered Level 1 of the Lair of Beasts
 11326 | Lair:1   | Reached skill level 5 in Armour
 11401 | Lair:1   | Noticed Gastronok
 11413 | Lair:1   | Killed Gastronok
 11413 | Lair:1   | Reached skill level 5 in Fighting
 11686 | Lair:1   | Noticed an eight-headed hydra
 11704 | Lair:1   | Killed an eight-headed hydra
 12785 | Lair:2   | Reached XP level 12. HP: 68/68 MP: 24/25
 12791 | Lair:2   | Reached skill level 5 in Maces & Flails
 12803 | Lair:2   | Reached skill level 5 in Dodging
 12963 | Lair:2   | Got a crude robe
 12969 | Lair:2   | Identified the +4 robe of Fuohuu {rC++} (You found it on level 2 of the Lair of Beasts)
 13250 | Lair:2   | Reached ***** piety under Vehumet
 13391 | Lair:2   | Reached skill level 5 in Evocations
 13455 | Lair:2   | Found a hole to the Spider Nest.
 13657 | Lair:3   | Offered knowledge of Orb of Destruction by Vehumet.
 13709 | Lair:3   | Identified the Volume of Bewitchment
 13939 | Lair:3   | Found a staircase to the Swamp.
 15213 | Lair:5   | Reached skill level 10 in Spellcasting
 15266 | Lair:5   | Noticed a five-headed hydra
 15326 | Lair:4   | Reached skill level 10 in Earth Magic
 15371 | Lair:5   | Found a frozen archway.
 15382 | IceCv    | Entered an ice cave
 15471 | IceCv    | Reached XP level 13. HP: 76/76 MP: 19/27
 15672 | IceCv    | Got a glittering lapis lazuli ring
 15673 | IceCv    | Identified the ring "Nuyv" {rF+ MR+ Dex+3} (You found it in an ice cave)
 15694 | IceCv    | Offered knowledge of Bolt of Magma by Vehumet.
 16433 | IceCv    | Noticed a frost giant
 16593 | IceCv    | Killed a frost giant
 16700 | IceCv    | Identified Vutt's Almanac of Cold
 17515 | Lair:5   | Found a staircase to the Slime Pits.
 17515 | Lair:5   | Found a viscous altar of Jiyva.
 17898 | Lair:6   | Entered Level 6 of the Lair of Beasts
 18726 | Lair:6   | Noticed an ice dragon
 18731 | Lair:6   | Offered knowledge of Yara's Violent Unravelling by Vehumet.
 18739 | Lair:6   | Killed an ice dragon
 18885 | Lair:6   | Gained mutation: Your large and strong wings let you fly indefinitely. [Gargoyle growth]
 18885 | Lair:6   | Reached XP level 14. HP: 83/83 MP: 22/28
 19582 | Lair:6   | Noticed a dire elephant
 19593 | Lair:6   | Killed a dire elephant
 19825 | Lair:6   | Noticed a dire elephant
 19825 | Lair:6   | Noticed a dire elephant
 19871 | Lair:6   | Killed a dire elephant
 19965 | Lair:6   | Noticed a dire elephant
 19985 | Lair:6   | Noticed a dire elephant
 20209 | Lair:6   | Noticed a dire elephant
 20770 | Lair:5   | Killed a dire elephant
 21038 | Lair:6   | HP: 1/84 [dire elephant (26)]
 21067 | Lair:6   | Slain by a dire elephant

Vault maps used:
D:1:      evilmike_arrival_fibonacci_small, corexii_item_surrounded_by_moat
D:2:      first_bread, serial_bayou_pond_a, grunt_gozag_statues
D:4:      gup_sewer_entry_bowl, hangedman_decor_points
D:7:      enter_bailey_3
D:9:      minmay_tri_box, dpeg_oklobed_lair, orc_0_dummy, special_room,
          hangedman_little_slice_of_home, minmay_nine_imps
D:10:     wad_guarded_room, serial_shops, nicolae_shop_window_shopping
Temple:   nicolae_temple_the_god_donut
Lair:1:   serial_bayou_shore_a, uniq_gastronok
Lair:2:   spider_nest_entry_funnel_web, wad_woods_road_05,
          infiniplex_staircase_pool_2
Lair:3:   minmay_swamp_entry_reptiles
Lair:4:   serial_bayou_shore_b, grunt_megastairs_1, lemuel_fruit_fields
Lair:5:   lemuel_slime, slime_altar_1, portal_ice_cave_entry_pillars_1,
          serial_bayou_crossing
Lair:6:   due_jungle_book, bobbens_ice_dragon_lair
Sewer:    sewer_fruit_machine
Bailey:   bailey_axe_2, bailey
IceCv:    ice_cave_caverns_03

Skill      XL: |  1  2  3  4  5  6  7  8  9 10 11 12 13 14 |
---------------+-------------------------------------------+-----
Earth Magic    | 4 5 6 7 8 9 10 11 | 11.0
Spellcasting   | 3 4 5 6 7 8 9 10 11 | 11.2
Conjurations   | 1 2 3 4 5 6 7 8 9 |  9.1
Shields        | 1 3 4 5 6 7 8 |  8.0
Fighting       | 2 3 4 5 6 7 8 |  8.1
Maces & Flails | 1 2 4 5 6 |  6.8
Dodging        | 2 3 4 5 6 |  6.6
Armour         | 2 3 4 5 6 7 |  7.9
Evocations     | 1 2 3 4 5 6 |  6.9
Stealth        | |  2.1
Transmutations | |  0.7

Action                   |  1- 3 |  4- 6 |  7- 9 | 10-12 | 13-15 || total
-------------------------+-------+-------+-------+-------+-------++-------
Melee: Hand axe          |    37 |       |       |       |       ||    37
       Unarmed           |     1 |       |       |       |       ||     1
       Mace              |    15 |    53 |   170 |    10 |       ||   248
       Morningstar       |       |       |       |   281 |   185 ||   466
 Cast: Sandblast         |    64 |    76 |    88 |    23 |     3 ||   254
       Stone Arrow       |       |     9 |   101 |   224 |   209 ||   543
       Lee's Rapid Decon |       |       |     2 |     2 |     7 ||    11
       Mephitic Cloud    |       |       |       |    51 |    57 ||   108
       Ignite Poison     |       |       |       |    28 |    24 ||    52
 Abil: Fly               |       |       |       |       |     1 ||     1
Evoke: Wand              |       |       |       |       |     1 ||     1
       Sack of spiders   |       |       |       |       |     1 ||     1
  Use: Scroll            |       |     5 |       |    14 |     8 ||    27
       Potion            |       |     1 |       |       |     5 ||     6
 Stab: Sleeping          |     3 |       |       |     1 |       ||     4
       Confused          |       |       |       |     7 |     6 ||    13
  Eat: Chunk             |     5 |     8 |    16 |    21 |    12 ||    62
       Royal jelly       |       |       |       |       |     2 ||     2
       Pizza             |       |       |       |       |     1 ||     1
       Beef jerky        |       |       |       |       |     1 ||     1
Armor: Robe              |    28 |    53 |   119 |   149 |   110 ||   459
Dodge: Dodged            |    48 |    94 |   169 |   215 |   164 ||   690
Block: Other             |       |       |    49 |    49 |       ||    98
       Reflection        |       |       |    14 |     1 |     1 ||    16
       Buckler           |       |       |       |    43 |   139 ||   182
